[Event "Monday 15 January Rapid Engine Tour 12+1 Rounds 9 Starts 1600 ST"]
[Site "Infinity Chess"]
[Date "2018.1.15"]
[Round "5"]
[White "tris77"]
[Black "Dovahkiin"]
[Result "1/2-1/2"]
[ECO "B04"]
[WhiteElo "2307"]
[BlackElo "2374"]
[WhiteEngine "Raubfisch X37b_CTG"]
[BlackEngine "BrainFish_180113_x64_modern_CTG"]
[EventType "Swiss"]
[WhiteTeam ""]
[BlackTeam ""]
[PlyCount "90"]
[TimeControl "720+1"]

1. e4 Nf6 2. e5 Nd5 3. d4 d6 4. Nf3 g6 5. Bc4 Nb6 6. Bb3 Bg7 7. a4 dxe5 
8. a5 N6d7 9. dxe5 Nxe5 10. Qxd8+ Kxd8 11. Nxe5 Bxe5 12. Bxf7 e6 13. Bg5+ Kd7 
14. Ra3 Nc6 15. Rd3+ Bd6 16. Rh3 Ne5 17. Bf6 Rf8 18. Bxe5 Rxf7 19. Bxd6 cxd6 
20. O-O Ke7 21. c4 Bd7 22. Nd2 Rc8 23. Re1 b6 24. axb6 axb6 25. Rd3 Rf5 
26. f3 Ra5 27. b3 Bc6 28. Rde3 e5 29. f4 Ke6 30. fxe5 Rxe5 31. Kf2 Rf8+ 
32. Nf3 Bxf3 33. Rxe5+ dxe5 34. gxf3 g5 35. Ke3 Ra8 36. h4 Ra3 37. hxg5 Rxb3+ 
38. Kd2 Kf5 39. Rh1 Kxg5 40. Rxh7 Rxf3 41. Rb7 Rf6 42. c5 bxc5 43. Rc7 c4 
44. Rxc4 Kf5 45. Rc3 Rh6 1/2-1/2

[Event "Monday 15 January Rapid Engine Tour 12+1 Rounds 9 Starts 1600 ST"]
[Site "Infinity Chess"]
[Date "2018.1.15"]
[Round "5"]
[White "ocirema"]
[Black "IronMan"]
[Result "1/2-1/2 "]
[ECO "A40"]
[WhiteElo "2415"]
[BlackElo "2367"]
[WhiteEngine "stockfish_18011309_x64_modern_CTG"]
[BlackEngine "Eman 1.58 64-bit BMI2"]
[EventType "Swiss"]
[WhiteTeam ""]
[BlackTeam ""]
[PlyCount "190"]
[TimeControl "720+1"]

1. d4 e6 2. e4 d5 3. Nc3 Nf6 4. e5 Nfd7 5. f4 c5 6. Nf3 Nc6 7. Be3 Qb6 
8. Na4 Qa5+ 9. c3 c4 10. b4 Qc7 11. a3 b5 12. Nc5 a5 13. Be2 Nxc5 14. bxc5 Rb8 
15. Bd2 b4 16. axb4 axb4 17. cxb4 Nxb4 18. Bc3 Be7 19. h4 Nc6 20. h5 Bd7 
21. h6 g6 22. Qd2 O-O 23. Kf2 Ra8 24. Rhb1 Ra7 25. Qc1 Rxa1 26. Rxa1 f6 
27. exf6 Bxf6 28. Qe3 Ne7 29. g4 Nc6 30. Kg2 Bd8 31. Bd2 Qb7 32. g5 Qb2 
33. Bc3 Qb7 34. Ne5 Nxe5 35. Qxe5 Rf7 36. Bg4 Bc7 37. Qe2 Qc6 38. Bd2 Rf8 
39. Ra7 Re8 40. Bc1 Bb8 41. Ra3 Rd8 42. Qa2 Qc8 43. Qb2 Kf7 44. Qb6 Bc7 
45. Qa6 Bb8 46. Qb6 Bc7 47. Qa6 Bb8 48. Qxc8 Rxc8 49. Ra2 Ke8 50. Rb2 Ke7 
51. Rb7 Bc7 52. Bf3 Kd8 53. f5 exf5 54. Bxd5 Ra8 55. Rb4 Ra2+ 56. Rb2 Ra3 
57. Rc2 Ra4 58. Kf2 c3 59. Rxc3 Rxd4 60. Bg8 Bc6 61. Bxh7 Rh4 62. Bxg6 f4 
63. Rd3+ Ke7 64. Rd6 Rh2+ 65. Ke1 Rh1+ 66. Kd2 f3 67. Rxc6 Bf4+ 68. Kc2 f2 
69. Bd3 Rxc1+ 70. Kb3 Rh1 71. Bc4 Bxg5 72. h7 Bf4 73. Re6+ Kd7 74. Rf6 Be5 
75. Bb5+ Ke7 76. Rxf2 Rxh7 77. Re2 Rh5 78. Kc4 Kd8 79. Rf2 Rh4+ 80. Kd5 Rf4 
81. Re2 Bf6 82. Kc6 Bd4 83. Kb6 Rf6+ 84. Bc6 Bxc5+ 85. Kxc5 Kc7 86. Re7+ Kd8 
87. Re8+ Kc7 88. Re7+ Kd8 89. Rb7 Re6 90. Bd5 Re7 91. Rb8+ Kd7 92. Rb1 Kc7 
93. Rb7+ Kd8 94. Rb8+ Kc7 95. Ra8 Kd7 1/2-1/2

[Event "Monday 15 January Rapid Engine Tour 12+1 Rounds 9 Starts 1600 ST"]
[Site "Infinity Chess"]
[Date "2018.1.15"]
[Round "5"]
[White "CrapCleaner"]
[Black "MarioDeMonti"]
[Result "1/2-1/2"]
[ECO "C55"]
[WhiteElo "2400"]
[BlackElo "2427"]
[WhiteEngine "komodo-11.01-64bit_CTG"]
[BlackEngine "stockfish_x64_bmi2_2018_01_01_CTG"]
[EventType "Swiss"]
[WhiteTeam ""]
[BlackTeam ""]
[PlyCount "206"]
[TimeControl "720+1"]

1. e4 e5 2. Nf3 Nc6 3. Bc4 Nf6 4. d3 Bc5 5. c3 d6 6. O-O O-O 7. Bg5 h6 8. Bh4 a6 
9. a4 g5 10. Bg3 Ba7 11. Nbd2 Nh7 12. h3 h5 13. Kh1 Kh8 14. b4 g4 15. Nh4 Qg5 
16. Kh2 Ne7 17. Qe2 Ng6 18. Nxg6+ fxg6 19. h4 Qe7 20. Rh1 Be6 21. Bxe6 Qxe6 
22. Nc4 Rf7 23. b5 Nf6 24. Rab1 Nd7 25. Rhd1 Qe7 26. bxa6 bxa6 27. Qd2 Nc5 
28. d4 Nxe4 29. Qh6+ Rh7 30. Qxg6 Nxc3 31. dxe5 Qf7 32. Qc2 Nxd1 33. Rxd1 d5 
34. Qb2 Qe6 35. Qb7 Re8 36. Qxa7 dxc4 37. Qe3 Rd7 38. Rxd7 Qxd7 39. Qh6+ Kg8 
40. Qg6+ Kh8 41. Qxa6 Qe6 42. Qb5 Kg8 43. a5 Ra8 44. Qb7 Ra6 45. Qb8+ Kg7 
46. Qxc7+ Qf7 47. Qc5 Qe6 48. Bf4 Rc6 49. Qe3 Kf7 50. g3 c3 51. a6 Rxa6 
52. Qxc3 Ra7 53. Bg5 Qf5 54. Bf4 Re7 55. Qc5 Rd7 56. Qc4+ Kg6 57. Qg8+ Rg7 
58. Qb3 Rd7 59. Qa4 Kh7 60. Qc6 Rd1 61. e6 Re1 62. Qb7+ Kg6 63. e7 Kf7 
64. e8=N+ Kxe8 65. Qb8+ Kd7 66. Qb3 Re6 67. Qa4+ Rc6 68. Qa7+ Ke6 69. Qe3+ Kd7 
70. Qd4+ Ke6 71. Qg7 Kd5 72. Qb7 Kc5 73. Qb2 Qd5 74. Be3+ Kd6 75. Qg7 Rc4 
76. Qg6+ Kd7 77. Qg7+ Kd8 78. Bf4 Kc8 79. Qh8+ Kb7 80. Qb8+ Ka6 81. Be3 Rc6 
82. Qb1 Re6 83. Qa1+ Kb5 84. Qb2+ Ka4 85. Bd2 Qc4 86. Qa1+ Kb5 87. Qa5+ Kc6 
88. Qa8+ Kd7 89. Qb7+ Ke8 90. Be3 Qc6 91. Qh7 Qd5 92. Bg5 Re1 93. Qxh5+ Kd7 
94. Qxg4+ Ke8 95. Qc8+ Kf7 96. Kh3 Qf3 97. Qc4+ Kg7 98. Qd4+ Kh7 99. Qd7+ Kg8 
100. Qd8+ Kf7 101. Qd7+ Kg8 102. Qd8+ Kf7 103. Qd7+ Kg8 1/2-1/2

[Event "Monday 15 January Rapid Engine Tour 12+1 Rounds 9 Starts 1600 ST"]
[Site "Infinity Chess"]
[Date "2018.1.15"]
[Round "5"]
[White "KULLANI"]
[Black "Satria_Ungu"]
[Result "1-0"]
[ECO "C55"]
[WhiteElo "2438"]
[BlackElo "2425"]
[WhiteEngine "BrainFish_180106_x64_CTG"]
[BlackEngine "Houdini 6"]
[EventType "Swiss"]
[WhiteTeam ""]
[BlackTeam ""]
[PlyCount "187"]
[TimeControl "720+1"]

1. e4 e5 2. Nf3 Nc6 3. Bc4 Nf6 4. d3 Bc5 5. c3 d6 6. O-O h6 7. b4 Bb6 8. a4 a5 
9. b5 Ne7 10. Be3 Bxe3 11. fxe3 Ng6 12. Bb3 O-O 13. c4 c6 14. Nc3 Bd7 
15. Rc1 Qb6 16. Qd2 Be6 17. h3 Rac8 18. Qf2 Qc7 19. Nd2 Qd8 20. Rcd1 Nd7 
21. Kh2 Qe7 22. Qe1 Qg5 23. Rc1 h5 24. Rb1 Qh6 25. Bc2 h4 26. Nf3 Qh5 
27. Qf2 Rfd8 28. bxc6 bxc6 29. Rb7 Nc5 30. Rb6 Rf8 31. Qd2 Qh6 32. Rfb1 Rfd8 
33. Nd1 Rf8 34. d4 Nd7 35. Rb7 Nf6 36. d5 cxd5 37. cxd5 Bd7 38. R7b6 Ne7 
39. Nf2 Rc4 40. Kg1 Nc8 41. Rb8 g5 42. Nh2 Qg6 43. Nhg4 Nxg4 44. Nxg4 Bxg4 
45. hxg4 Kg7 46. Bd3 Rc5 47. R8b5 h3 48. gxh3 Rxb5 49. Rxb5 Rh8 50. Qg2 Ne7 
51. Rxa5 Rc8 52. Qf1 Rc3 53. Ra7 Nxd5 54. Bc4 Nxe3 55. Qxf7+ Qxf7 56. Bxf7 Kf6 
57. a5 Rc2 58. a6 Rg2+ 59. Kh1 Rg3 60. Bh5 Rxh3+ 61. Kg1 Nd1 62. Rf7+ Ke6 
63. Rh7 Rg3+ 64. Kh2 Ra3 65. a7 Kf6 66. Be8 Ne3 67. Bc6 Nxg4+ 68. Kg1 Kg6 
69. Rc7 Nf6 70. a8=Q Rxa8 71. Bxa8 Nh5 72. Rd7 Nf4 73. Rxd6+ Kh5 74. Kf2 Kh4 
75. Bc6 g4 76. Rh6+ Kg5 77. Rh7 Kg6 78. Rd7 Kf6 79. Bd5 Kg5 80. Bc4 Nh5 
81. Rf7 Kg6 82. Rf5 g3+ 83. Kf3 Ng7 84. Bf7+ Kh7 85. Rxe5 g2 86. Kxg2 Kh6 
87. Kg3 Ne6 88. Rxe6+ Kg7 89. Bh5 Kh8 90. Kg4 Kg7 91. Kg5 Kh7 92. Re7+ Kh8 
93. Kg6 Kg8 94. Re8# 1-0

[Event "Monday 15 January Rapid Engine Tour 12+1 Rounds 9 Starts 1600 ST"]
[Site "Infinity Chess"]
[Date "2018.1.15"]
[Round "5"]
[White "Vimtiroba"]
[Black "SkyPilot"]
[Result "1/2-1/2"]
[ECO "B23"]
[WhiteElo "2471"]
[BlackElo "2432"]
[WhiteEngine "Corchess 2.0_CTG"]
[BlackEngine "stockfish_x64_bmi2_2018_01_01_CTG"]
[EventType "Swiss"]
[WhiteTeam ""]
[BlackTeam ""]
[PlyCount "158"]
[TimeControl "720+1"]

1. e4 c5 2. Nc3 a6 3. Nf3 e6 4. d4 cxd4 5. Nxd4 Qc7 6. a3 b5 7. Qg4 d6 
8. Qg3 Nf6 9. Bd3 Nbd7 10. O-O Bb7 11. Rd1 Rc8 12. f3 h5 13. h3 Be7 14. Bg5 Qb6 
15. Be3 Qd8 16. Bg5 Ne5 17. h4 O-O 18. Nde2 Re8 19. Kh1 g6 20. Nf4 Bf8 
21. Nfe2 Bg7 22. Qf4 Qe7 23. Nc1 Ned7 24. Bf1 e5 25. Qd2 d5 26. Nxd5 Bxd5 
27. Qxd5 Nxd5 28. Bxe7 Nxe7 29. Rxd7 Rxc2 30. Ra7 Rxb2 31. Rxa6 Rd8 32. Nd3 Rd2 
33. Nb4 Bh6 34. Bxb5 Bf4 35. Nd3 Bg3 36. Ra7 Kf8 37. a4 Nc6 38. Rc7 Nd4 
39. Bc4 Nc2 40. Rxf7+ Ke8 41. Rc1 Ne3 42. Rg7 Nxc4 43. Rg8+ Ke7 44. Rxg6 R2xd3 
45. Rxg3 Rd1+ 46. Rxd1 Rxd1+ 47. Kh2 Kf6 48. Rg5 Ra1 49. Rxh5 Rxa4 50. Rh6+ Kg7 
51. Rc6 Ne3 52. Rc7+ Kf6 53. g4 Ra2+ 54. Kh3 Ke6 55. Rc6+ Kf7 56. g5 Rf2 
57. Rc7+ Kg6 58. Rc6+ Kf7 59. Rf6+ Kg7 60. h5 Nf1 61. h6+ Kh7 62. Kg4 Ne3+ 
63. Kh3 Nf1 64. f4 exf4 65. Kh4 Nd2 66. Rf7+ Kg8 67. Rg7+ Kh8 68. Kh5 Nf3 
69. Kg4 Ne5+ 70. Kf5 Nf3 71. e5 Rg2 72. e6 Nd4+ 73. Ke5 Nxe6 74. Kxe6 f3 
75. g6 f2 76. Rh7+ Kg8 77. Rg7+ Kh8 78. Rh7+ Kg8 79. Rg7+ Kh8 1/2-1/2

[Event "Monday 15 January Rapid Engine Tour 12+1 Rounds 9 Starts 1600 ST"]
[Site "Infinity Chess"]
[Date "2018.1.15"]
[Round "5"]
[White "RonWeasley"]
[Black "Katzenmaier"]
[Result "1/2-1/2"]
[ECO "C53"]
[WhiteElo "2457"]
[BlackElo "2480"]
[WhiteEngine "BrainFish 130117_CTG"]
[BlackEngine "S_XPrO.251117.x64.POPCNT_CTG"]
[EventType "Swiss"]
[WhiteTeam ""]
[BlackTeam ""]
[PlyCount "75"]
[TimeControl "720+1"]

1. e4 e5 2. Nf3 Nc6 3. Bc4 Bc5 4. c3 Nf6 5. d3 d6 6. Bb3 a5 7. O-O O-O 8. a4 h6 
9. Nbd2 Re8 10. Nc4 Ne7 11. Be3 Bxe3 12. Nxe3 Ng6 13. Re1 b6 14. g3 c6 
15. h4 Rb8 16. d4 exd4 17. Nxd4 Qc7 18. Bc2 Ne5 19. Ndf5 Bxf5 20. Nxf5 g6 
21. Ne3 h5 22. Kg2 b5 23. axb5 Rxb5 24. b3 d5 25. f4 Neg4 26. e5 Qb6 27. Qf3 Ne4 
28. Nxg4 hxg4 29. Qe2 Rxb3 30. Bxb3 Qxb3 31. Qxg4 Qb2+ 32. Qe2 Qxc3 33. Qe3 Qb2+ 
34. Qe2 Qb3 35. Qe3 Qb2+ 36. Qe2 Qc3 37. Qf3 Qb2+ 38. Qe2 1/2-1/2

[Event "Monday 15 January Rapid Engine Tour 12+1 Rounds 9 Starts 1600 ST"]
[Site "Infinity Chess"]
[Date "2018.1.15"]
[Round "5"]
[White "Thinker"]
[Black "Marsell"]
[Result "1/2-1/2"]
[ECO "C55"]
[WhiteElo "2458"]
[BlackElo "2486"]
[WhiteEngine "BrainFish_180113_x64_modern_CTG"]
[BlackEngine "asmFishW_2018-01-11_popcnt"]
[EventType "Swiss"]
[WhiteTeam ""]
[BlackTeam ""]
[PlyCount "198"]
[TimeControl "720+1"]

1. e4 e5 2. Nf3 Nc6 3. Bc4 Nf6 4. d3 Bc5 5. c3 d6 6. O-O O-O 7. Bg5 h6 8. Bh4 a6 
9. b4 Ba7 10. a4 g5 11. Bg3 g4 12. Bh4 Kg7 13. Na3 gxf3 14. Qxf3 Nb8 15. d4 Be6 
16. h3 Rg8 17. Rfd1 Qe7 18. Bf1 c6 19. Kh1 Bb6 20. Nc2 Bd8 21. Ne3 Qf8 
22. dxe5 dxe5 23. Bc4 Nbd7 24. Rd2 Kh7 25. Rad1 Qe8 26. Bxe6 fxe6 27. Ng4 Rg6 
28. Rd6 Kg8 29. Nxf6+ Nxf6 30. R1d3 Rb8 31. c4 Kh7 32. Rd2 Kg8 33. R2d3 Kf7 
34. Rd7+ Be7 35. Bxf6 Rxf6 36. Qh5+ Kf8 37. Qxe5 Rd8 38. Rxd8 Bxd8 39. Kg1 Be7 
40. c5 Kg8 41. a5 Qc8 42. f4 Rf7 43. Qh5 Qf8 44. Qg6+ Kh8 45. g3 Qg7 
46. Qxg7+ Kxg7 47. Kg2 h5 48. Rd7 Bf6 49. Rxf7+ Kxf7 50. e5 Bd8 51. Kf3 Ke8 
52. Ke3 Bc7 53. Ke4 Kf7 54. Ke3 Bb8 55. Kd4 Kg6 56. Ke4 Ba7 57. Ke3 Bb8 
58. Ke2 Bc7 59. Kd3 Bd8 60. Kd4 Kf7 61. Ke4 Be7 62. Ke3 Bf8 63. Ke4 Bh6 
64. Kf3 Bg7 65. Ke4 Ke7 66. Kf3 Kf8 67. Ke3 Kf7 68. Ke2 Kg6 69. Kd3 Bf8 
70. Ke4 Bh6 71. Kf3 Kf5 72. Ke3 Kg6 73. Kf3 Kf5 74. Ke3 Bg7 75. Kf3 Bh8 
76. Ke3 Bg7 77. Kf3 Bf8 78. Ke3 Bh6 79. Kf3 Kg6 80. Ke4 Bg7 81. Ke3 Kh6 
82. Kf3 Kh7 83. Ke3 Kg6 84. Ke4 Bf8 85. Ke3 h4 86. g4 Kh7 87. Ke4 Kh6 
88. Kd4 Bg7 89. Kd3 Kh7 90. Ke3 Kg6 91. Kf3 Bf8 92. Ke3 Kh6 93. Kf3 Be7 
94. Ke4 Kg6 95. Kd3 Kh6 96. Ke4 Bd8 97. Kd3 Be7 98. Kc3 Kg6 99. Kd3 Kh6 1/2-1/2

[Event "Monday 15 January Rapid Engine Tour 12+1 Rounds 9 Starts 1600 ST"]
[Site "Infinity Chess"]
[Date "2018.1.15"]
[Round "5"]
[White "Harry_Potter"]
[Black "THE_MACHINE"]
[Result "1/2-1/2"]
[ECO "A20"]
[WhiteElo "2508"]
[BlackElo "2493"]
[WhiteEngine "Stockfish_18011309_x64_bmi2_CTG"]
[BlackEngine "Houdini 6"]
[EventType "Swiss"]
[WhiteTeam ""]
[BlackTeam ""]
[PlyCount "81"]
[TimeControl "720+1"]

1. c4 e5 2. g3 Nf6 3. Nc3 Bb4 4. Bg2 O-O 5. e4 d6 6. Nge2 Nc6 7. d3 a5 
8. O-O Bc5 9. h3 Re8 10. Be3 Be6 11. Qd2 h6 12. Rad1 a4 13. Nb5 Bxe3 
14. Qxe3 Ne7 15. Na3 c5 16. f4 Nc6 17. Nc3 Nd4 18. f5 Bd7 19. Rd2 Kh7 20. Bf3 g6 
21. Rdf2 Rf8 22. Kg2 Kg7 23. Kh2 g5 24. Kg1 Bc6 25. Qc1 Rg8 26. Bd1 Qd7 
27. g4 Kf8 28. Rh2 Ke7 29. Rff2 Rh8 30. h4 Rag8 31. hxg5 Rxg5 32. Qxg5 hxg5 
33. Rxh8 b5 34. cxb5 Nxb5 35. Naxb5 Bxb5 36. Nd5+ Nxd5 37. exd5 Kf6 38. Rh6+ Ke7 
39. Rh8 Kf6 40. Rh6+ Ke7 41. Rh8 1/2-1/2

[Event "Monday 15 January Rapid Engine Tour 12+1 Rounds 9 Starts 1600 ST"]
[Site "Infinity Chess"]
[Date "2018.1.15"]
[Round "5"]
[White "hafaba"]
[Black "OlivierEvan"]
[Result "1-0"]
[ECO "D70"]
[WhiteElo "2409"]
[BlackElo "2415"]
[WhiteEngine "Stockfish SL 07012018 POPCNT_CTG"]
[BlackEngine "Houdini 6"]
[EventType "Swiss"]
[WhiteTeam ""]
[BlackTeam ""]
[PlyCount "207"]
[TimeControl "720+1"]

1. d4 Nf6 2. c4 g6 3. Nf3 d5 4. cxd5 Bg7 5. Qa4+ c6 6. dxc6 Nxc6 7. Nc3 Bf5 
8. e3 O-O 9. Be2 a6 10. O-O b5 11. Qd1 Qc7 12. Nh4 e5 13. Nxf5 gxf5 14. Bf3 Rad8 
15. Qc2 Ne7 16. dxe5 Ng4 17. a3 Rfe8 18. h3 Nxe5 19. Be2 N5g6 20. g3 Qc6 
21. Bd2 f4 22. exf4 Nh4 23. gxh4 Ng6 24. Bd3 Nxh4 25. Be4 Qd7 26. Rfe1 Qxd2 
27. Bxh7+ Kh8 28. Rxe8+ Rxe8 29. Qxd2 Nf3+ 30. Kg2 Nxd2 31. Bf5 Rg8 32. Kh1 Nc4 
33. Rc1 Nxb2 34. Ne4 Nc4 35. Rd1 Bb2 36. Ng5 Bxa3 37. Nxf7+ Kg7 38. Ng5 Nd6 
39. Bg4 Kf6 40. Kg2 a5 41. h4 a4 42. h5 Bb4 43. h6 a3 44. h7 Rb8 45. Be6 Kg7 
46. Rd4 Bc5 47. Rd3 Kh8 48. Ba2 Ra8 49. Rc3 Rc8 50. Rh3 Rf8 51. Rh6 Nc4 
52. Ne6 Rc8 53. Rh5 Bd6 54. Rxb5 Kxh7 55. Rd5 Bb8 56. Bb1+ Kh8 57. Rd7 Re8 
58. Ng5 Bxf4 59. Nf7+ Kg8 60. Ba2 Kf8 61. Bxc4 Re4 62. Bb3 Rb4 63. Rd3 Ke7 
64. Kf3 Bc7 65. Ng5 Be5 66. Ba2 Bb2 67. Ne4 Rb6 68. Rb3 Rh6 69. Rb7+ Kd8 
70. Kg4 Kc8 71. Rf7 Rg6+ 72. Kf5 Rb6 73. f4 Kb8 74. Kg4 Bd4 75. Rf8+ Kc7 
76. Ra8 Bb2 77. f5 Rc6 78. Be6 Rb6 79. Rc8+ Kb7 80. Re8 Rb4 81. Kg5 Ka7 
82. Ba2 Bc1+ 83. Kg6 Rb2 84. Bd5 Rg2+ 85. Kf7 Kb6 86. f6 Rh2 87. Ke6 Bh6 
88. Rb8+ Ka7 89. Ra8+ Kb6 90. f7 Rc2 91. Rb8+ Ka5 92. f8=Q Bxf8 93. Rxf8 a2 
94. Ra8+ Kb4 95. Bxa2 Rc6+ 96. Kd5 Rh6 97. Rb8+ Ka3 98. Bc4 Rh5+ 99. Kd4 Rh3 
100. Nc5 Rh4+ 101. Kc3 Rh3+ 102. Nd3 Rh5 103. Ra8+ Ra5 104. Rxa5# 1-0

[Event "Monday 15 January Rapid Engine Tour 12+1 Rounds 9 Starts 1600 ST"]
[Site "Infinity Chess"]
[Date "2018.1.15"]
[Round "5"]
[White "Neoxium"]
[Black "angriff"]
[Result "1/2-1/2"]
[ECO "B00"]
[WhiteElo "2473"]
[BlackElo "2476"]
[WhiteEngine "SF SL FA-IDeA"]
[BlackEngine "SF_64BIT_POPCNT_CTG"]
[EventType "Swiss"]
[WhiteTeam ""]
[BlackTeam ""]
[PlyCount "111"]
[TimeControl "720+1"]

1. e4 Nc6 2. d4 d5 3. e5 Bf5 4. c3 e6 5. Nd2 f6 6. f4 g5 7. Bb5 gxf4 
8. Bxc6+ bxc6 9. Ndf3 fxe5 10. dxe5 Ne7 11. Ne2 Ng6 12. O-O Bh6 13. Nfd4 Bg4 
14. h3 Bxe2 15. Qxe2 Qd7 16. Qh5 Bg7 17. Bxf4 O-O 18. Bg3 c5 19. Nf3 Rf5 
20. Ng5 Bxe5 21. Rxf5 exf5 22. Bxe5 Nxe5 23. Re1 Ng6 24. Nf3 d4 25. h4 dxc3 
26. bxc3 Re8 27. Rxe8+ Qxe8 28. Qxf5 Qe3+ 29. Kh2 Qf4+ 30. Qxf4 Nxf4 31. Ng5 c4 
32. g4 Nd5 33. Ne4 Kf7 34. Kg3 Ke6 35. Kf2 Ke5 36. Kf3 Ke6 37. g5 Ke5 38. a3 Kf5 
39. h5 a6 40. g6 hxg6 41. h6 Nf6 42. Nxf6 Kxf6 43. Kg4 a5 44. a4 Kf7 45. Kg5 c6 
46. h7 Kg7 47. h8=R Kxh8 48. Kxg6 Kg8 49. Kf6 Kh7 50. Ke5 Kg6 51. Kd6 Kf5 
52. Kc5 Ke4 53. Kxc4 Ke3 54. Kc5 Kd2 55. Kxc6 Kxc3 56. Kb5 1/2-1/2

[Event "Monday 15 January Rapid Engine Tour 12+1 Rounds 9 Starts 1600 ST"]
[Site "Infinity Chess"]
[Date "2018.1.15"]
[Round "4"]
[White "IronMan"]
[Black "tris77"]
[Result "1/2-1/2"]
[ECO "A06"]
[WhiteElo "2370"]
[BlackElo "2287"]
[WhiteEngine "Eman 1.58 64-bit BMI2"]
[BlackEngine "Raubfisch X37b_CTG"]
[EventType "Swiss"]
[WhiteTeam ""]
[BlackTeam ""]
[PlyCount "103"]
[TimeControl "720+1"]

1. Nf3 d5 2. d4 Nf6 3. c4 c6 4. e3 e6 5. Bd3 Nbd7 6. O-O Bd6 7. Nbd2 O-O 
8. e4 e5 9. cxd5 cxd5 10. Re1 h6 11. exd5 exd4 12. Nc4 Bc5 13. Bf4 Nxd5 
14. Bg3 N7f6 15. a3 Bg4 16. h3 Bh5 17. Be5 Rc8 18. Rc1 a6 19. Ncd2 Ba7 
20. Rxc8 Qxc8 21. Qb1 Bb8 22. Bxd4 Re8 23. Rxe8+ Nxe8 24. Bf5 Qc6 25. g3 Ne7 
26. Bh7+ Kf8 27. Be4 Qc8 28. b4 Bg6 29. Bxg6 Nxg6 30. Qe4 Nd6 31. Qd3 Qe6 
32. Bc5 Kg8 33. h4 Bc7 34. Nd4 Qe1+ 35. Kg2 Ne5 36. Qc2 b5 37. Nc6 Nxc6 
38. Be3 Ne5 39. Qxc7 Ndc4 40. Qd8+ Kh7 41. Nxc4 bxc4 42. Qd4 f6 43. Qe4+ Kg8 
44. Qd5+ Kh7 45. Qd4 Qb1 46. Qd5 c3 47. Qd4 c2 48. Qe4+ Kg8 49. Qd5+ Kh7 
50. Qe4+ Kg8 51. Qd5+ Kh7 52. Qe4+ 1/2-1/2

[Event "Monday 15 January Rapid Engine Tour 12+1 Rounds 9 Starts 1600 ST"]
[Site "Infinity Chess"]
[Date "2018.1.15"]
[Round "4"]
[White "Dovahkiin"]
[Black "ivrdurant"]
[Result "0-1"]
[ECO "D00"]
[WhiteElo "2390"]
[BlackElo "2401"]
[WhiteEngine "BrainFish_180113_x64_modern_CTG"]
[BlackEngine "Raubfisch X37b1._CTG"]
[EventType "Swiss"]
[WhiteTeam ""]
[BlackTeam ""]
[PlyCount "164"]
[TimeControl "720+1"]

1. d4 d5 2. Bf4 Nf6 3. e3 c5 4. c3 Nc6 5. Nd2 e6 6. Ngf3 Bd6 7. Bg3 O-O 
8. Bd3 b6 9. Ne5 Bb7 10. O-O Qc7 11. f4 Ne7 12. Qf3 Nf5 13. Be1 Be7 14. Bf2 Nd6 
15. Qh3 Rad8 16. Bc2 Nfe4 17. Rad1 Bc8 18. Nxe4 Nxe4 19. Bh4 f6 20. Nf3 Qc6 
21. Nd2 e5 22. f5 Nxd2 23. Rxd2 exd4 24. exd4 cxd4 25. Bf2 Ba6 26. Rfd1 dxc3 
27. Qxc3 Bc4 28. Bb3 Kh8 29. g3 Rc8 30. Qf3 Bb4 31. Rc2 Qc7 32. Bxc4 dxc4 
33. Kg2 Rfd8 34. Rd5 h6 35. Qe4 Re8 36. Qf3 Kh7 37. a3 Be1 38. Be3 Qf7 
39. Bf4 Re7 40. Kh3 Qe8 41. Qg4 c3 42. Rd3 cxb2 43. Rxb2 Re4 44. Qf3 Ba5 
45. Bd2 Rc5 46. Be3 Rce5 47. Bd4 Rd5 48. Bg1 Rxd3 49. Qxd3 Qh5+ 50. Kg2 Qxf5 
51. Rc2 Qg6 52. Rc7 a6 53. Rc8 b5 54. Bf2 Rg4 55. Qxg6+ Kxg6 56. Rc6 Ra4 
57. Rxa6 Rxa3 58. Bc5 Ra4 59. Kf3 Bd8 60. Rd6 Be7 61. Rd5 Bxc5 62. Rxc5 Rb4 
63. Rc7 Rb1 64. Ke3 b4 65. h3 b3 66. Rb7 b2 67. Kd2 Rg1 68. Rxb2 Rg2+ 
69. Kc3 Rxb2 70. g4 Rh2 71. Kd3 Rxh3+ 72. Ke4 Rh4 73. Kf4 h5 74. Kg3 Rxg4+ 
75. Kf3 Kg5 76. Ke2 h4 77. Kf3 h3 78. Ke2 h2 79. Kd3 h1=Q 80. Kc2 Rg3 
81. Kd2 Qh2+ 82. Kc1 Rg1# 0-1

[Event "Monday 15 January Rapid Engine Tour 12+1 Rounds 9 Starts 1600 ST"]
[Site "Infinity Chess"]
[Date "2018.1.15"]
[Round "4"]
[White "MarioDeMonti"]
[Black "ocirema"]
[Result "1/2-1/2"]
[ECO "B90"]
[WhiteElo "2427"]
[BlackElo "2415"]
[WhiteEngine "stockfish_x64_bmi2_2018_01_01_CTG"]
[BlackEngine "stockfish_18011309_x64_modern_CTG"]
[EventType "Swiss"]
[WhiteTeam ""]
[BlackTeam ""]
[PlyCount "97"]
[TimeControl "720+1"]

1. e4 c5 2. Nf3 d6 3. d4 cxd4 4. Nxd4 Nf6 5. Nc3 a6 6. Be3 e5 7. Nb3 Be6 
8. f3 h5 9. Qd2 Nbd7 10. Nd5 Nxd5 11. exd5 Bf5 12. Na5 Qc7 13. Rc1 Be7 
14. Bd3 Bxd3 15. cxd3 Qb8 16. d4 Bh4+ 17. Bf2 Bxf2+ 18. Kxf2 O-O 19. Rhe1 Re8 
20. b4 exd4 21. Rxe8+ Qxe8 22. Qxd4 Rc8 23. Rxc8 Qxc8 24. Nc4 Qc7 25. a4 b5 
26. axb5 axb5 27. Na3 h4 28. h3 Nf6 29. Nxb5 Qc2+ 30. Kf1 Qb1+ 31. Ke2 Qa2+ 
32. Kf1 Nxd5 33. Kg1 g5 34. Nxd6 Nf4 35. Qf2 Qb1+ 36. Kh2 Qxb4 37. Ne4 Qe7 
38. g3 hxg3+ 39. Qxg3 f6 40. Qf2 Qe5 41. h4 Ng6+ 42. Qg3 Qxg3+ 43. Kxg3 gxh4+ 
44. Kg4 Kg7 45. f4 h3 46. Kxh3 Nxf4+ 47. Kg4 Nd5 48. Kf3 Kf7 49. Nxf6 1/2-1/2

[Event "Monday 15 January Rapid Engine Tour 12+1 Rounds 9 Starts 1600 ST"]
[Site "Infinity Chess"]
[Date "2018.1.15"]
[Round "4"]
[White "CrapCleaner"]
[Black "RonWeasley"]
[Result "0-1"]
[ECO "C12"]
[WhiteElo "2415"]
[BlackElo "2442"]
[WhiteEngine "komodo-11.01-64bit_CTG"]
[BlackEngine "BrainFish 130117_CTG"]
[EventType "Swiss"]
[WhiteTeam ""]
[BlackTeam ""]
[PlyCount "84"]
[TimeControl "720+1"]

1. e4 e6 2. d4 d5 3. Nc3 Nf6 4. Bg5 Bb4 5. e5 h6 6. Bd2 Bxc3 7. bxc3 Ne4 
8. Qg4 Kf8 9. Bd3 Nxd2 10. Kxd2 c5 11. h4 Qa5 12. Rh3 cxd4 13. Rg3 Qxc3+ 
14. Ke2 Rg8 15. Rf3 Nc6 16. Qf4 Nd8 17. Rb1 Qa5 18. Kf1 Qxa2 19. Qc1 Qa5 
20. Ne2 Bd7 21. Qf4 Qc7 22. Nxd4 a5 23. Bg6 Be8 24. Qg4 Ra6 25. h5 Rb6 
26. Re1 a4 27. Kg1 a3 28. c3 a2 29. Ra1 Ke7 30. Bd3 Rb2 31. Re3 Qa5 32. Bh7 Qb6 
33. Kh2 Rf8 34. Re2 Rxe2 35. Qxe2 Qc7 36. Qxa2 Qxe5+ 37. Kg1 Rh8 38. Bd3 Bd7 
39. Qa7 Qc7 40. Rb1 Qxc3 41. Bb5 Bxb5 42. Nxb5 Qd3 0-1

[Event "Monday 15 January Rapid Engine Tour 12+1 Rounds 9 Starts 1600 ST"]
[Site "Infinity Chess"]
[Date "2018.1.15"]
[Round "4"]
[White "Satria_Ungu"]
[Black "SkyPilot"]
[Result "1/2-1/2"]
[ECO "D11"]
[WhiteElo "2425"]
[BlackElo "2432"]
[WhiteEngine "Houdini 6"]
[BlackEngine "stockfish_x64_bmi2_2018_01_01_CTG"]
[EventType "Swiss"]
[WhiteTeam ""]
[BlackTeam ""]
[PlyCount "97"]
[TimeControl "720+1"]

1. d4 d5 2. c4 c6 3. Nf3 Nf6 4. e3 e6 5. b3 c5 6. Nbd2 cxd4 7. exd4 Nc6 
8. Bb2 Bd6 9. a3 b6 10. Bd3 Bb7 11. Rc1 O-O 12. c5 bxc5 13. dxc5 Bf4 
14. g3 Bxd2+ 15. Nxd2 d4 16. O-O Ne5 17. Bc2 a5 18. Re1 Qd5 19. Ne4 d3 
20. Bxe5 Nxe4 21. Qxd3 Qxe5 22. Rxe4 Bxe4 23. Qxe4 Qxe4 24. Bxe4 Ra7 25. c6 Rb8 
26. b4 axb4 27. axb4 Rc7 28. Rb1 f5 29. Bg2 e5 30. Bd5+ Kf8 31. b5 Rb6 
32. g4 fxg4 33. Be4 h6 34. Kg2 h5 35. Kg3 g5 36. f3 gxf3 37. Kxf3 Ke7 
38. Ke3 Ra7 39. Rc1 Kd6 40. Rd1+ Ke6 41. Bd3 Kd6 42. Be2+ Kc5 43. Rd8 Rxb5 
44. Bxb5 Kxb5 45. c7 Rxc7 46. Rd5+ Ka4 47. Rxe5 g4 48. Rxh5 Rc2 49. Rh4 1/2-1/2

[Event "Monday 15 January Rapid Engine Tour 12+1 Rounds 9 Starts 1600 ST"]
[Site "Infinity Chess"]
[Date "2018.1.15"]
[Round "4"]
[White "Coco69"]
[Black "KULLANI"]
[Result "1/2-1/2"]
[ECO "C53"]
[WhiteElo "2426"]
[BlackElo "2438"]
[WhiteEngine "asmfishw_2018-01-12_base_CTG"]
[BlackEngine "BrainFish_180106_x64_CTG"]
[EventType "Swiss"]
[WhiteTeam ""]
[BlackTeam ""]
[PlyCount "70"]
[TimeControl "720+1"]

1. e4 e5 2. Nf3 Nc6 3. Bc4 Bc5 4. c3 Nf6 5. d4 exd4 6. e5 d5 7. Bb5 Ne4 
8. cxd4 Bb6 9. O-O O-O 10. h3 f6 11. Nc3 fxe5 12. Bxc6 bxc6 13. Nxe4 dxe4 
14. Qb3+ Qd5 15. Nxe5 Ba6 16. Rd1 Qxb3 17. axb3 Bb5 18. Be3 Rad8 19. b4 Rd5 
20. Rac1 Rf6 21. Nc4 Kf7 22. Na5 Rfd6 23. Nc4 Rf6 24. b3 Ke7 25. Na5 a6 
26. Nc4 Kd7 27. g4 Kc8 28. Kg2 Rf8 29. h4 Rfd8 30. Bg5 R8d7 31. Ne5 R7d6 
32. Nc4 Rg6 33. Ne5 Rgd6 34. Nc4 Rg6 35. Ne5 Rgd6 1/2-1/2